 Dungeon Sprint DCSS version 0.24.0-125-gc4c63601f3 (webtiles) character file.

Game seed: 3977582913707258422, levelgen mode: deterministic

1360 Ponchio the Thaumaturge (level 8, -12/54 (56) HPs)
             Began as a Deep Elf Earth Elementalist on Feb 21, 2020.
             Shot with a bolt by a yaktaur captain (36 damage)
             ... in the Dungeon (Sprint II: "The Violet Keep of Menkaure").
             The game lasted 00:08:37 (1079 turns).

Ponchio the Thaumaturge (DEEE)                      Turns: 1079, Time: 00:08:38

HP:   -12/54 (56)   AC:  2    Str:  5    XL:     8   Next: 37%
MP:   29/34         EV: 18    Int: 29    God:
Gold: 50            SH:  0    Dex: 15    Spells: 15/30 levels left

rFire    . . .     SeeInvis .   (no weapon)
rCold    . . .     Gourm    .   (no shield)
rNeg     . . .     Faith    .   c - +0 robe
rPois    .         Spirit   .   (no helmet)
rElec    .         Reflect  .   (no cloak)
rCorr    .         Harm     .   (no gloves)
MR       .....     NoTele   +   (no boots)
Stlth    ++........             (no amulet)
HPRegen  0.18/turn              g - +6 ring of intelligence
MPRegen  0.24/turn              k - ring of magical power

@: no status effects
A: no striking features
a: no special abilities


You were in the Dungeon.
You were very hungry.

You visited 1 branch You collected 972 gold pieces.
You spent 922 gold pieces at shops.

Inventory:

Missiles
 b - 15 stones (quivered)
Armour
 c - a +0 robe (worn)
Jewellery
 g - a +6 ring of intelligence (left hand)
 k - a ring of magical power (right hand)
Scrolls
 a - a scroll of random uselessness {unknown}
 j - a scroll of blinking
Potions
 e - a potion of curing
 f - a potion of heal wounds
 h - a potion of magic
 i - a potion of berserk rage
Comestibles
 d - a ration


   Skills:
 * Level 9.1 Fighting
 + Level 9.5 Dodging
 - Level 2.4 Stealth
 - Level 11.6 Spellcasting
 - Level 1.1 Transmutations
 - Level 11.3 Earth Magic


You had 15 spell levels left.
You knew the following spells:

 Your Spells              Type           Power        Failure   Level  Hunger
a - Sandblast             Erth           ######       1%          1    None
b - Passwall              Tmut/Erth      ######..     1%          2    None
c - Stone Arrow           Conj/Erth      #####.       1%          3    None
d - Petrify               Tmut/Erth      ######..     2%          4    None
e - Lee's Rapid Deconstr  Erth           ######....   1%          5    ###....

Your spell library contained the following spells:

 Spells                   Type           Power        Failure   Level  Hunger


Dungeon Overview and Level Annotations

Branches:
Dungeon (1/1)

Altars:

Shops:
D ::!=!=}[![([!!%?

Annotations:
D exclusion: oklob plant, Kirke, Roxanne


Message History

The yaktaur captain shouts!
Kirke shouts!
You hear a shout!
The yaktaur captain wields a +0 arbalest.
The yaktaur captain shoots a bolt.
The bolt hits you!!
Ouch! That really hurt!
You see here a bolt.
Casting: Lee's Rapid Deconstruction (safe; 1% risk of failure)
Confirm with . or Enter, or press ? or * to list all spells.
Aiming: Lee's Rapid Deconstruction (safe; 1% risk of failure)
Press: ? - help, Dir - move target cursor, f - skeletal warrior Fragment what (e.g. wall or brittle monster)?: a skeletal warrior, wielding a +0 halberd The skeletal warrior shatters!!!
The skeletal warrior is severely damaged.
You hear a shout!
The blast of bone shards hits Kirke!!
Kirke is lightly wounded.
The blast of bone shards hits the yaktaur captain!!
The yaktaur captain is moderately wounded.
The yaktaur captain shoots a bolt.
The bolt hits you!!!
Ouch! That really hurt!
You die...

+#### ≈≈§≈§§§## §§§§§§≈##
§§;§≈§≈≈# Z # ≈§§;§§
@c.≈## ;;;§
############≈≈#+++#+++##
###########≈≈≈..@......#
##.∩.∩....#≈≈≈≈.##'##..#
##..∩.∩...#≈≈≈≈##...##
##...∩.∩..#≈≈≈≈#..#..#
##....∩.⌠.#≈≈####...####
##...∩.∩..#≈##.###)###.#
##..∩.∩...#≈#..###.##.#
##.∩.∩....'≈'##.'.<.'###+
##∩.∩.....#≈#..###.##.#.#
.


You could see Kirke, a yaktaur captain, a spectral bat (wandering) and 2
electric eels.

Vanquished Creatures
  A merfolk siren (D)
  2 hippogriffs (D)
  A vampire mosquito (D)
  Menkaure (D)
  4 necrophages (D)
  4 worker ants (D)
13 creatures vanquished.

Vanquished Creatures (others)
  A crocodile (D)
1 creature vanquished.

Grand Total: 14 creatures vanquished

Notes
Turn   | Place    | Note
-------+----------+-------------------------------------------
     0 | D        | Ponchio the Deep Elf Earth Elementalist began the quest for
                  | the Orb.
     0 | D        | Reached XP level 1. HP: 10/10 MP: 6/6
     1 | D        | Noticed a hippogriff
     1 | D        | Noticed a hippogriff
     7 | D        | Noticed a merfolk siren
    11 | D        | Noticed a necrophage
    11 | D        | Noticed a necrophage
    11 | D        | Noticed a necrophage
    11 | D        | Noticed a necrophage
    17 | D        | Killed a necrophage
    17 | D        | Reached XP level 2. HP: 14/15 MP: 1/11
    17 | D        | Reached XP level 3. HP: 17/19 MP: 1/13
    17 | D        | Reached XP level 4. HP: 22/24 MP: 1/14
    18 | D        | Killed a necrophage
    18 | D        | Reached skill level 10 in Earth Magic
    18 | D        | Reached XP level 5. HP: 25/28 MP: 0/18
    21 | D        | Killed a necrophage
    27 | D        | Killed a necrophage
    27 | D        | Reached skill level 10 in Spellcasting
    27 | D        | Reached XP level 6. HP: 22/35 MP: 12/21
   342 | D        | Learned a level 2 spell: Passwall
   346 | D        | Learned a level 3 spell: Stone Arrow
   351 | D        | Learned a level 4 spell: Petrify
   357 | D        | Learned a level 5 spell: Lee's Rapid Deconstruction
   364 | D        | Killed a merfolk siren
   364 | D        | Reached skill level 5 in Fighting
   364 | D        | Reached XP level 7. HP: 43/43 MP: 6/24
   464 | D        | Killed a hippogriff
   467 | D        | Killed a hippogriff
   467 | D        | Reached XP level 8. HP: 52/52 MP: 3/25
   671 | D        | Found Tafebah's Magic Scroll Emporium.
   671 | D        | Found Arhetrer's Distillery.
   671 | D        | Found Tuisainean's Food Shoppe.
   671 | D        | Found Faicol's Antique Armour Emporium.
   672 | D        | Found Zeetud's Distillery.
   672 | D        | Found Usiapiow's Antique Armour Shoppe.
   672 | D        | Found Kommewex's Distillery.
   672 | D        | Found Erionu's Antique Armour Shoppe.
   673 | D        | Found Sidyigg's Gadget Emporium.
   673 | D        | Found Nuhaoky's Antique Weapon Emporium.
   673 | D        | Found Orrinlom's Jewellery Shoppe.
   673 | D        | Found Fevvaekk's Distillery.
   673 | D        | Noticed a spiny frog
   736 | D        | Identified Roxanne's Compendium of Shape Shifting
   736 | D        | Noticed Roxanne
   748 | D        | Noticed a spiny frog
   750 | D        | Found Zikkutopaps's Jewellery Shoppe.
   750 | D        | Found Atheq's Distillery.
   750 | D        | Noticed Menkaure
   750 | D        | Noticed an oklob plant
   779 | D        | Killed Menkaure
   925 | D        | Noticed a great orb of eyes
   926 | D        | Found Hoeqyce's Book Shoppe.
   926 | D        | Found Ositunyvy's Book Shoppe.
   932 | D        | Noticed a flying skull
   933 | D        | Noticed a flying skull
   933 | D        | Noticed a flying skull
   933 | D        | Noticed a flying skull
   934 | D        | Noticed a flying skull
   936 | D        | Noticed a flying skull
   964 | D        | Bought a +6 ring of intelligence for 702 gold pieces
   966 | D        | Noticed a flying skull
  1017 | D        | Bought an uncursed ring of magical power for 220 gold
                  | pieces
  1030 | D        | Noticed a flying skull
  1040 | D        | Noticed a flying skull
  1078 | D        | Noticed Kirke
  1078 | D        | Noticed a skeletal warrior
  1078 | D        | Noticed a yaktaur captain
  1079 | D        | Shot with a bolt by a yaktaur captain

Levels and vault maps discovered:
D:        the_violet_keep_of_menkaure [sprint2_stairs_cluster_1,
          sprint2_shoproom, sprint2_temple, sprint2_basic_supplies,
          sprint2_obstacle_6, sprint2_obstacle_2, sprint2_obstacle_7,
          sprint2_obstacle_1, sprint2_obstacle_3, sprint2_timed_cluster_1,
          sprint2_smallroom_cluster_1, sprint2_smallroom_final_cluster_1,
          sprint2_transparent_cluster_1, sprint2_second_timed_cluster_1,
          sprint2_sniper_area_1, sprint2_heavy_combat_area_1,
          sprint2_mutation_trap_area_1, sprint2_forest_area_1,
          sprint2_light_combat_area_1, sprint2_behind_water_1,
          sprint2_near_end_vault_1]

Skill      XL: |  1  2  3  4  5  6  7  8 |
---------------+-------------------------+-----
Spellcasting   | 6 8 10 11 | 11.6
Earth Magic    | 8 10 11 | 11.3
Fighting       | 3 5 7 9 |  9.1
Dodging        | 4 6 8 9 |  9.5
Stealth        | |  2.4
Transmutations | |  1.1

Action                   |  1- 3 |  4- 6 |  7- 9 || total
-------------------------+-------+-------+-------++-------
 Cast: Sandblast         |     4 |    10 |     1 ||    15
       Lee's Rapid Decon |       |     2 |    12 ||    14
  Use: Potion            |     1 |     1 |       ||     2
  Eat: Chunk             |       |       |     1 ||     1
Dodge: Dodged            |     1 |     2 |     1 ||     4
